Map: Ulrena

Players

Taximan - Winner!

  • Race: Terran Terran
  • League: Gold

capac

  • Race: Terran Terran
  • League: Gold

VOD

Have the link to the VOD?

Description

Time

  • Played on: April 25, 2016, 6:13 p.m.
  • Length: 22:06
Show
View Real Time Build Order
Export as new Build Order

Taximan Terran - Winner!

Build Orders: Banshee Rush 

Get SALT Encoding   

  12  0:02  SCV  
  13  0:14  SCV  
  14  0:25  Refinery  
  14  0:30  Supply Depot  
  14  0:32  Refinery  
  14  0:34  SCV  
  15  0:55  Barracks, SCV  
  16  1:12  Supply Depot, SCV  
  17  1:26  SCV  
  18  1:46  Factory, Marine  
  19  1:49  Orbital Command  
  19  2:17  SCV  
  20  2:24  Marine  
  20  2:29  Factory Tech Lab  
  21  2:34  Starport  
  21  2:35  SCV  
  22  2:47  Engineering Bay  
  22  2:48  SCV  
  22  2:50  Siege Tank  
  26  3:05  Supply Depot  
  26  3:08  SCV  
  26  3:11  Starport Tech Lab  
  27  3:20  Missile Turret  
  27  3:21  SCV  
  28  3:33  Banshee  
  31  3:34  Cloaking Field  
  31  3:47  Widow Mine  
  31  3:48  Command Center  
  33  4:11  Hi-Sec Auto Tracking, SCV, Missile Turret  
  33  4:16  Viking  
  36  4:23  SCV  
  37  4:28  Widow Mine  
  39  4:50  Missile Turret  
  39  5:19  SCV  
  40  5:32  SCV  
  41  5:44  SCV  
  39  5:56  Siege Tank, SCV  
  43  6:08  SCV  
  44  6:20  SCV  
  45  6:26  Viking, Missile Turret  
  45  6:32  SCV  
  47  6:43  Missile Turret  
  47  6:44  SCV  
  48  6:53  Missile Turret  
  48  6:54  Planetary Fortress  
  48  6:56  SCV  
  49  7:08  SCV  
  49  7:11  Refinery  
  49  7:15  Missile Turret  
  50  7:20  SCV  
  51  7:29  Starport, Fusion Core  
  51  7:31  Supply Depot  
  51  7:33  SCV  
  51  7:36  SCV  
  53  7:39  Armory  
  53  7:41  Refinery  
  53  7:45  SCV  
  53  7:49  Factory Tech Lab  
  54  7:52  SCV  
  54  7:54  Supply Depot  
  54  7:56  Missile Turret  
  54  7:57  SCV  
  56  8:04  SCV  
  56  8:05  Starport Tech Lab  
  57  8:08  Supply Depot  
  57  8:10  Siege Tank  
  60  8:18  SCV  
  60  8:19  SCV  
  62  8:23  Weapon Refit  
  62  8:25  Battlecruiser  
  68  8:28  Terran Vehicle And Ship Armor Level 1  
  68  8:30  Armory  
  68  8:53  Missile Turret  
  68  8:57  Battlecruiser  
  74  9:12  SCV x2  
  76  9:24  Command Center  
  76  9:28  Refinery  
  76  9:31  Refinery  
  76  9:35  Missile Turret  
  76  9:40  Terran Ship Weapons Level 1  
  76  9:41  Supply Depot  
  76  9:46  Supply Depot  
  76  9:48  Supply Depot  
  76  9:50  Battlecruiser  
  81  10:08  Missile Turret x3  
  81  10:14  Battlecruiser  
  81  10:15  Missile Turret  
  87  10:25  Supply Depot  
  87  10:31  Terran Vehicle And Ship Armor Level 2  
  87  10:43  Planetary Fortress  
  87  10:54  Battlecruiser  
  87  10:55  Missile Turret  
  93  11:18  Battlecruiser  
  93  11:20  Missile Turret  
  93  11:23  SCV  
  100  11:35  SCV  
  101  11:46  SCV x2  
  103  11:51  Missile Turret  
  103  11:53  SCV  
  103  12:00  Command Center  
  103  12:03  Missile Turret  
  103  12:07  Battlecruiser  
  109  12:14  Starport  
  109  12:19  SCV x2  
  111  12:26  Battlecruiser  
  111  12:28  Terran Ship Weapons Level 2  
  117  12:47  Missile Turret  
  117  12:48  Terran Vehicle And Ship Armor Level 3  
  117  12:50  Starport Tech Lab  
  117  13:08  Supply Depot  
  117  13:12  Battlecruiser  
  123  13:16  Planetary Fortress  
  123  13:19  Refinery  
  123  13:28  Battlecruiser  
  129  13:36  Battlecruiser  
  129  13:39  Refinery  
  129  13:40  Supply Depot  
  135  13:43  Missile Turret  
  135  13:44  Missile Turret x2  
  135  13:46  Supply Depot  
  135  13:49  Supply Depot  
  135  14:05  SCV  
  136  14:18  SCV  
  137  14:30  SCV  
  136  14:34  Battlecruiser  
  136  14:35  Battlecruiser  
  148  14:42  SCV  
  148  14:43  Battlecruiser  
  155  14:47  Terran Ship Weapons Level 3  
  155  14:57  Siege Tank  
  158  15:09  Supply Depot  
  158  15:23  Missile Turret  
  158  15:25  Terran Vehicle Weapons Level 1  
  158  15:30  Siege Tank  
  167  15:42  Battlecruiser  
  167  15:47  Battlecruiser  
  173  15:56  Battlecruiser  
  179  16:06  Missile Turret  
  179  16:15  Supply Depot  
  177  16:40  Command Center  
  177  16:50  Battlecruiser  
  177  16:53  Siege Tank  
  186  16:55  Battlecruiser  
  192  17:03  Battlecruiser  
  198  17:22  Terran Vehicle Weapons Level 2  
  198  17:30  Starport  
  198  17:55  Refinery  
  198  18:11  Missile Turret  
  198  18:13  Missile Turret  
  198  18:19  Refinery  
  198  18:28  Starport Tech Lab  
  186  19:53  Planetary Fortress  
Show
View Real Time Build Order
Export as new Build Order

capac Terran 

Build Orders: Banshee Rush 

Get SALT Encoding   

  12  0:01  SCV  
  13  0:17  Supply Depot  
  13  0:18  SCV  
  14  0:32  SCV  
  15  0:42  Barracks  
  15  0:44  SCV  
  15  0:46  Refinery  
  16  0:56  SCV  
  17  1:08  SCV  
  18  1:20  SCV  
  20  1:34  Marine  
  20  1:36  Orbital Command  
  20  1:47  Supply Depot  
  20  1:50  Factory  
  20  1:52  Marine  
  21  2:03  Refinery  
  21  2:08  SCV  
  22  2:17  Barracks Tech Lab  
  22  2:22  SCV  
  23  2:37  Starport  
  23  2:38  Marine  
  24  2:47  Command Center  
  24  2:53  Barracks  
  24  2:56  Marine  
  25  3:05  SCV  
  26  3:14  Supply Depot  
  26  3:24  Cloaking Field  
  26  3:25  Starport  
  26  3:33  Banshee  
  29  3:42  Barracks Tech Lab  
  29  3:45  Barracks Reactor  
  29  4:06  Starport Tech Lab  
  29  4:14  Engineering Bay  
  29  4:27  Banshee x2  
  29  4:30  Factory Tech Lab  
  35  4:32  Barracks Tech Lab  
  35  4:36  SCV  
  36  4:41  Orbital Command  
  26  5:10  Viking x2  
  26  5:13  Barracks  
  25  5:35  Missile Turret  
  22  5:48  SCV x2  
  22  6:08  Viking  
  24  6:15  SCV x2  
  23  6:38  SCV x2  
  25  6:50  SCV x2  
  27  7:02  SCV  
  27  7:04  Missile Turret  
  28  7:10  SCV  
  28  7:14  Refinery, SCV  
  30  7:20  Refinery  
  30  7:22  SCV  
  31  7:26  SCV  
  32  7:31  Siege Tank  
  35  7:49  SCV x2  
  37  7:56  Marine  
  38  8:01  SCV x2  
  38  8:03  Siege Tank  
  43  8:06  Command Center  
  43  8:13  SCV x2  
  45  8:22  Supply Depot  
  45  8:31  Barracks Reactor  
  45  8:34  Terran Infantry Weapons Level 1, SCV x2  
  47  8:41  Medivac  
  47  8:42  Medivac  
  51  8:48  Supply Depot  
  51  8:49  SCV x2  
  53  8:56  Supply Depot  
  53  9:02  Marine  
  54  9:06  Stimpack  
  54  9:07  Liberator, Barracks Reactor  
  54  9:09  Marine x2  
  56  9:20  Marine  
  57  9:27  Marine x2  
  57  9:28  SCV x2  
  57  9:30  Starport Reactor  
  64  9:34  Siege Tank  
  64  9:38  Factory, Marine  
  67  9:41  Supply Depot  
  67  9:45  Marine  
  69  9:53  Marine x2  
  69  9:54  Marine  
  69  9:56  Marine  
  73  10:03  Marine  
  74  10:08  Medivac x2  
  74  10:11  Marine x2  
  74  10:12  Cyclone, Marine  
  74  10:14  Marine  
  85  10:15  SCV  
  85  10:17  SCV  
  87  10:23  Supply Depot  
  87  10:29  Liberator x2  
  87  10:34  Marine x2  
  87  10:35  Marine x3  
  92  10:44  Barracks  
  98  11:01  Orbital Command  
  98  11:05  Marine x2  
  98  11:06  Marine  
  101  11:11  Terran Infantry Armor Level 1  
  101  11:19  Armory  
  101  11:22  Marine x2, Combat Shields  
  101  11:23  Marine  
  101  11:24  Engineering Bay, SCV x2  
  106  11:27  Liberator x2  
  106  11:30  SCV  
  107  11:36  Supply Depot, SCV x2  
  107  11:37  Supply Depot  
  109  11:42  SCV  
  116  12:04  Marine x3  
  116  12:05  Marine  
  120  12:10  SCV x3  
  120  12:15  Missile Turret  
  123  12:16  Terran Ship Weapons Level 1  
  123  12:17  Terran Infantry Weapons Level 2  
  123  12:21  Refinery  
  123  12:22  SCV x3  
  126  12:23  Refinery  
  126  12:24  Marine x4  
  126  12:25  Marine  
  126  12:28  Barracks Reactor  
  131  12:42  Marine x2  
  133  12:47  Supply Depot  
  133  13:01  Missile Turret  
  133  13:06  Supply Depot  
  133  13:08  Marine, Siege Tank x2, SCV  
  141  13:28  SCV x2, Sensor Tower  
  143  13:35  Liberator  
  143  13:40  Command Center  
  143  13:41  Marine x3  
  143  13:42  Marine x3  
  149  13:52  Marine, Medivac x2  
  157  13:57  Supply Depot  
  157  14:01  Supply Depot, Terran Infantry Armor Level 2  
  154  14:16  SCV  
  154  14:17  SCV x2  
  154  14:28  SCV  
  154  14:30  Liberator x2, SCV  
  154  14:31  SCV  
  157  14:38  Terran Infantry Weapons Level 3  
  157  14:39  Terran Ship Weapons Level 2  
  157  14:41  SCV  
  157  14:42  Marine x5  
  165  14:50  Medivac  
  171  15:07  Planetary Fortress  
  171  15:13  Liberator  
  171  15:14  Liberator  
  171  15:15  Liberator  
  171  15:29  Siege Tank  
  171  15:32  Marine x2  
  171  15:33  Marine x5  
  190  15:52  Concussive Shells  
  187  16:04  Siege Tank x2  
  190  16:16  Sensor Tower  
  190  16:22  Terran Infantry Armor Level 3  
  190  16:26  Liberator x3  
  199  17:01  Command Center  
  199  17:08  Starport  
  199  17:11  Starport  
  199  17:17  Barracks  
  199  17:20  Building Armor  
  199  17:32  Barracks  
  191  18:41  Terran Ship Weapons Level 3  
  191  18:58  Sensor Tower  
  191  19:03  Liberator  
  191  19:04  Liberator x4  
  86  19:43  Missile Turret  
  86  19:44  Missile Turret x2  
  86  19:46  Liberator x2, Missile Turret x2  
  86  19:47  Missile Turret x2  
  86  19:49  Missile Turret  
  86  19:53  Starport  
  86  19:55  Starport, Marine x2  
  86  19:56  Marine x5  
  86  19:57  Marine  
  95  20:06  Marine  
  101  20:11  Liberator  
  101  20:12  Missile Turret x3  
  101  20:13  Marine x2  
  101  20:14  Marine x6, Missile Turret  
  104  20:20  Starport Reactor x2  
  109  20:24  Marine  
  110  20:29  Liberator x2  
  110  20:31  Marine x4  
  110  20:32  Marine x4  
  120  20:42  Marine  
  121  20:49  Marine x5  
  129  20:50  Marine x3  
  129  20:54  Liberator  
  133  20:57  SCV  
  133  21:00  Marine  
  134  21:07  Marine x5  
  140  21:38  Marine  
  140  21:39  Marine x8  
Tags
 
Add a new tag
Caveats
  • Supply blocks, unpowered buildings, or Contaminate may cause inaccurate times.
  • Supply counts are checked every 10 seconds.